[Event "EYCC Girls-U10 2019"]
[Site "Bratislava"]
[Date "2019.08.09"]
[Round "8.22"]
[White "Voronaya, Eva"]
[Black "Horkova, Tereza"]
[Result "0-1"]
[ECO "C65"]
[WhiteElo "1133"]
[BlackElo "1287"]
[Annotator "NA"]
[PlyCount "158"]
[EventDate "2019.08.02"]
[EventType "swiss"]
[EventCountry "SVK"]
[SourceTitle "playchess.com"]
[Source "ChessBase"]
[SourceQuality "1"]
[TimeControl "40/5400+30:1800+30"]

1. e4 e5 2. Nf3 Nc6 3. Bb5 Nf6 4. O-O Be7 5. Re1 d6 6. c3 a6 7. Ba4 O-O 8. h3 b5 9. Bc2 Bb7 10. d4 exd4 11. cxd4 Nb4 12. Nbd2 Nxc2 13. Qxc2 c5 14. d5 Rc8 15. Nf1 Re8 16. Ng3 Qb6 17. Bf4 Bd8 18. Nf5 Bc7 19. Rad1 Rcd8 20. b3 Bc8 21. Ng3 a5 22. Rb1 b4 23. Nd2 Ba6 24. Nf5 Qb5 25. Nc4 Qb8 26. Kh1 Nh5 27. Bh2 g6 28. Nh6+ Kg7 29. Ng4 Bxc4 30. bxc4 Qa7 31. Qb2+ Kg8 32. Nh6+ Kf8 33. Bf4 Nxf4 34. Qf6 Bb6 35. Qxf4 Qe7 36. Ng4 Qh4 37. Qf6 Qxf6 38. Nxf6 Re5 39. f4 Re7 40. Nxh7+ Kg7 41. Ng5 a4 42. g4 Rde8 43. Kg2 Rb7 44. Re3 Bd8 45. Kf3 Rh8 46. Kg3 Bf6 47. h4 Bd4 48. Rf3 Rhb8 49. h5 b3 50. axb3 axb3 51. hxg6 Kxg6 52. Nh3 b2 53. f5+ Kg7 54. g5 Rb3 55. f6+ Kg8 56. Nf2 Rxf3+ 57. Kxf3 Ra8 58. Nd3 Ra3 59. Ke2 Ra1 60. Rxb2 Bxb2 61. Nxb2 Ra2 62. Ke3 Rxb2 63. e5 dxe5 64. Ke4 Re2+ 65. Kf5 e4 66. d6 Rd2 67. Kxe4 Rxd6 68. Kf5 Rd4 69. g6 Rxc4 70. gxf7+ Kxf7 71. Ke5 Rd4 72. Kf5 c4 73. Ke5 Rd8 74. Ke4 c3 75. Ke3 c2 76. Ke2 c1=Q 77. Kf2 Qc3 78. Ke2 Rd2+ 79. Ke1 Qc1# 0-1

[Event "EYCC Girls-U10 2019"]
[Site "Bratislava"]
[Date "2019.08.09"]
[Round "8.24"]
[White "Alexandri, Vasiliki"]
[Black "Kollia, Evgenia"]
[Result "0-1"]
[ECO "D30"]
[WhiteElo "1068"]
[BlackElo "1034"]
[Annotator "NA"]
[PlyCount "156"]
[EventDate "2019.08.02"]
[EventType "swiss"]
[EventCountry "SVK"]
[SourceTitle "playchess.com"]
[Source "ChessBase"]
[SourceQuality "1"]
[TimeControl "40/5400+30:1800+30"]

1. d4 d5 2. c4 e6 3. cxd5 exd5 4. Nc3 c6 5. Nf3 Bf5 6. Qb3 Qc7 7. Bg5 Bd6 8. e3 f6 9. Bh4 Ne7 10. Ne2 Nd7 11. Bg3 Nb6 12. Rc1 Rc8 13. Bxd6 Qxd6 14. Ng3 Bg6 15. Nh4 Bf7 16. Bd3 g6 17. O-O O-O 18. Qd1 c5 19. dxc5 Rxc5 20. Rxc5 Qxc5 21. Qg4 Qa5 22. a3 Qd2 23. Qe2 Qxe2 24. Nxe2 Nc4 25. b3 Nd2 26. Rc1 Nxb3 27. Rc7 Nc8 28. Bc2 Na5 29. Nd4 Re8 30. Nb3 Nxb3 31. Bxb3 b6 32. Rd7 Re5 33. Rd8+ Re8 34. Rxe8+ Bxe8 35. Bxd5+ Kg7 36. Kf1 Nd6 37. Nf3 Nb5 38. a4 Nc3 39. Bb3 Bxa4 40. Bxa4 Nxa4 41. Ke2 Kf7 42. Kd3 Ke6 43. Kc4 Nc5 44. Nd4+ Kd7 45. Kb5 Kc7 46. f3 f5 47. h3 h6 48. g4 fxg4 49. fxg4 Kb7 50. Ne2 a6+ 51. Kb4 Ne4 52. Nf4 g5 53. Ne6 Nf2 54. Ng7 Nxh3 55. e4 Nf2 56. e5 Nd3+ 57. Kc3 Nxe5 58. Nf5 Nxg4 59. Nd6+ Kc6 60. Nc4 h5 61. Nd2 h4 62. Nf3 h3 63. Kb4 h2 64. Nxh2 Nxh2 65. Kc4 g4 66. Kd3 a5 67. Ke3 a4 68. Kf2 a3 69. Kg3 a2 70. Kxh2 a1=Q 71. Kg3 Qe5+ 72. Kxg4 Kd5 73. Kf3 Qd4 74. Ke2 Qc3 75. Kf1 Qd2 76. Kg1 Ke4 77. Kh1 Kf3 78. Kg1 Qg2# 0-1

[Event "EYCC Girls-U10 2019"]
[Site "Bratislava"]
[Date "2019.08.10"]
[Round "9.1"]
[White "Shukhman, Anna"]
[Black "Smietanska, Wiktoria"]
[Result "1-0"]
[ECO "B90"]
[WhiteElo "1806"]
[BlackElo "1547"]
[Annotator "NA"]
[PlyCount "151"]
[EventDate "2019.08.02"]
[EventType "swiss"]
[EventCountry "SVK"]
[SourceTitle "playchess.com"]
[Source "ChessBase"]
[SourceQuality "1"]
[TimeControl "40/5400+30:1800+30"]

1. e4 c5 2. Nf3 d6 3. d4 Nf6 4. Nc3 cxd4 5. Nxd4 a6 6. Qd3 e5 7. Nb3 Be7 8. Bg5 Be6 9. Be2 Nbd7 10. O-O Rc8 11. Rad1 h6 12. Be3 Bc4 13. Qd2 Nb6 14. Na5 Bxe2 15. Qxe2 Qc7 16. Bxb6 Qxb6 17. Nc4 Qc6 18. Ne3 Nxe4 19. Ncd5 g6 20. Nxe7 Kxe7 21. Nd5+ Kf8 22. Qxe4 Qxc2 23. Qb4 Qc6 24. Nb6 Rd8 25. Rc1 Qb5 26. Qxb5 axb5 27. Rfd1 Ke7 28. Rc7+ Ke6 29. Rxb7 d5 30. Nxd5 g5 31. Rb6+ Kd7 32. Rxb5 Kc6 33. Rb6+ Kd7 34. Rc1 Ke8 35. Nf6+ Ke7 36. Rc7+ Kf8 37. Nd7+ Ke8 38. Rbb7 Ke7 39. a4 Kd6 40. g3 h5 41. a5 h4 42. a6 h3 43. a7 Rc8 44. Nb8 Rxc7 45. Rxc7 Kxc7 46. a8=Q Rxb8 47. Qa7+ Rb7 48. Qc5+ Kd7 49. Qd5+ Kc8 50. Qxe5 Rd7 51. Qc5+ Kb7 52. Qb5+ Kc7 53. Qxd7+ Kxd7 54. f4 g4 55. Kf2 Kd6 56. Ke3 Kd5 57. Kd3 f5 58. b4 Kd6 59. Kd4 Kc6 60. Ke5 Kb5 61. Kxf5 Kxb4 62. Kxg4 Kc5 63. Kxh3 Kd6 64. Kg4 Ke7 65. Kg5 Kf7 66. f5 Kg7 67. h4 Kf7 68. f6 Kg8 69. Kg6 Kh8 70. Kf7 Kh7 71. Ke7 Kh8 72. f7 Kh7 73. f8=Q Kg6 74. g4 Kh7 75. g5 Kg6 76. Qf7# 1-0

[Event "EYCC Girls-U10 2019"]
[Site "Bratislava"]
[Date "2019.08.10"]
[Round "9.2"]
[White "Hnatyshyn, Anastasiia"]
[Black "Fedorova, Olesya"]
[Result "1-0"]
[ECO "B39"]
[WhiteElo "1380"]
[BlackElo "1516"]
[Annotator "NA"]
[PlyCount "95"]
[EventDate "2019.08.02"]
[EventType "swiss"]
[EventCountry "SVK"]
[SourceTitle "playchess.com"]
[Source "ChessBase"]
[SourceQuality "1"]
[TimeControl "40/5400+30:1800+30"]

1. e4 c5 2. Nf3 Nc6 3. c4 g6 4. d4 cxd4 5. Nxd4 Bg7 6. Be3 Nf6 7. Nc3 Ng4 8. Qxg4 Nxd4 9. Qd1 Ne6 10. Be2 O-O 11. O-O d6 12. Qd2 Bd7 13. Rfd1 Bc6 14. Nd5 Nc5 15. f3 Na4 16. Rab1 b6 17. Bd4 Bxd5 18. Bxg7 Kxg7 19. cxd5 Nc5 20. b4 Nd7 21. Bb5 Kg8 22. Rdc1 a6 23. Bc6 Ra7 24. Bxd7 Qxd7 25. Rc6 b5 26. Rbc1 Qb7 27. Qc3 Rfa8 28. e5 dxe5 29. Qxe5 a5 30. bxa5 Rxa5 31. Rc7 Qb6+ 32. Kh1 Qf6 33. Qxf6 exf6 34. d6 Rd8 35. Rc8 Rxc8 36. Rxc8+ Kg7 37. d7 Rxa2 38. h3 Rd2 39. d8=Q Rxd8 40. Rxd8 b4 41. Rb8 g5 42. Rxb4 f5 43. g4 f4 44. h4 h6 45. hxg5 hxg5 46. Kg2 f6 47. Kf2 Kg6 48. Rb5 1-0

[Event "EYCC Girls-U10 2019"]
[Site "Bratislava"]
[Date "2019.08.10"]
[Round "9.3"]
[White "Kirtadze, Anastasia"]
[Black "Stoll, Lucia"]
[Result "1-0"]
[ECO "E06"]
[WhiteElo "1532"]
[BlackElo "1403"]
[Annotator "NA"]
[PlyCount "103"]
[EventDate "2019.08.02"]
[EventType "swiss"]
[EventCountry "SVK"]
[SourceTitle "playchess.com"]
[Source "ChessBase"]
[SourceQuality "1"]
[TimeControl "40/5400+30:1800+30"]

1. d4 d5 2. c4 e6 3. Nf3 Nf6 4. g3 Be7 5. Bg2 O-O 6. O-O dxc4 7. Ne5 Nc6 8. Bxc6 bxc6 9. Nxc6 Qe8 10. Nxe7+ Qxe7 11. Qa4 e5 12. dxe5 Qxe5 13. Qxc4 Be6 14. Qd3 Bh3 15. Re1 Rad8 16. Qf3 Bg4 17. Qg2 Qxe2 18. Rxe2 Rd1+ 19. Qf1 Bxe2 20. Qxd1 Bxd1 21. Nc3 Bf3 22. Bf4 c6 23. Re1 Rd8 24. Re3 Bd5 25. Bg5 Re8 26. Bxf6 Rxe3 27. fxe3 gxf6 28. Nxd5 cxd5 29. Kf2 Kf8 30. Ke2 Kg7 31. Kd3 Kg6 32. Kd4 Kf5 33. Kxd5 Kg4 34. b4 Kh3 35. Ke4 Kg4 36. b5 f5+ 37. Ke5 Kf3 38. a4 Kxe3 39. a5 f6+ 40. Kxf5 h5 41. b6 a6 42. b7 Kd4 43. b8=Q Kd3 44. Qb6 h4 45. gxh4 Kc4 46. h5 Kd3 47. h6 Ke2 48. h7 Kf3 49. h8=Q Kg2 50. Qg7+ Kf1 51. Qb2 Ke1 52. Qg1# 1-0

[Event "EYCC Girls-U10 2019"]
[Site "Bratislava"]
[Date "2019.08.10"]
[Round "9.4"]
[White "Kusakina, Uliana"]
[Black "Toth, Lili"]
[Result "1-0"]
[ECO "C54"]
[WhiteElo "1364"]
[BlackElo "2199"]
[Annotator "NA"]
[PlyCount "137"]
[EventDate "2019.08.02"]
[EventType "swiss"]
[EventCountry "SVK"]
[SourceTitle "playchess.com"]
[Source "ChessBase"]
[SourceQuality "1"]
[TimeControl "40/5400+30:1800+30"]

1. e4 e5 2. Nf3 Nc6 3. Bc4 Bc5 4. c3 Nf6 5. d4 exd4 6. e5 d5 7. Bb5 Ne4 8. cxd4 Bb6 9. Nc3 Bg4 10. Be3 O-O 11. O-O Bxf3 12. gxf3 Ng5 13. Kh1 Ne6 14. Bxc6 bxc6 15. Rg1 f6 16. f4 fxe5 17. fxe5 Qh4 18. Rg4 Qh3 19. Rg3 Qf5 20. Qd2 Kh8 21. Rag1 g6 22. a3 Rf7 23. Rg4 Qf3+ 24. R1g2 Rd8 25. Kg1 Rff8 26. R2g3 Qf7 27. Bg5 Nxg5 28. Rxg5 Qf4 29. Qxf4 Rxf4 30. Ne2 Re4 31. Re3 Bxd4 32. Rxe4 dxe4 33. Nxd4 Rxd4 34. e6 Kg7 35. e7 Kf7 36. Re5 Ke8 37. Re6 Rd7 38. Rxe4 Rxe7 39. Ra4 Kd7 40. Rxa7 Re1+ 41. Kg2 Rb1 42. b4 Re1 43. Ra8 Re8 44. Rxe8 Kxe8 45. a4 Kd8 46. a5 Kc8 47. Kf3 Kb7 48. h4 Ka6 49. Ke4 Kb5 50. Kd4 c5+ 51. bxc5 Kxa5 52. f4 c6 53. Kc4 h5 54. Kd4 Kb4 55. Ke5 Kxc5 56. Kf6 Kb5 57. Kxg6 c5 58. f5 c4 59. f6 c3 60. f7 c2 61. f8=Q c1=Q 62. Qb8+ Ka6 63. Qd6+ Kb5 64. Kxh5 Qe3 65. Qd5+ Kb6 66. Qd7 {[%emt 0:06:09] Kb5 Qd6 Kc6 Qf6+ Kd7 Qf5+ Kd6 Qf6+ Kd7 Kg6} Qe4 67. Kh6 Qe3+ {[%emt 0:00:59] Qg5 Qe6+} 68. Kg7 {[%emt 0:37:30] Ke8 Qh5+ Ke7} Qc5 {[%emt 0:00:00] Kd7} 69. Qa7+ {[%emt 0:00:42] Ke8 Qb8+ Kd7 Qb5+ Ke7 Qg5+ Ke8 Kh8 Kd7 Qg7+ Kd6 Kh7 Kc5} 1-0

[Event "EYCC Girls-U10 2019"]
[Site "Bratislava"]
[Date "2019.08.10"]
[Round "9.5"]
[White "Sidorenja, Milena"]
[Black "Zavivaeva, Evelina"]
[Result "1-0"]
[ECO "A45"]
[WhiteElo "1573"]
[BlackElo "1302"]
[Annotator "NA"]
[PlyCount "119"]
[EventDate "2019.08.02"]
[EventType "swiss"]
[EventCountry "SVK"]
[SourceTitle "playchess.com"]
[Source "ChessBase"]
[SourceQuality "1"]
[TimeControl "40/5400+30:1800+30"]

1. d4 Nf6 2. c3 d5 3. Nf3 Bf5 4. Qb3 b6 5. Bf4 e6 6. e3 Bd6 7. Ne5 O-O 8. Be2 c6 9. Nd2 Qc7 10. c4 Nbd7 11. Nxd7 Nxd7 12. Bxd6 Qxd6 13. O-O Rac8 14. Qa4 Qc7 15. Rac1 Qb7 16. cxd5 Nb8 17. dxc6 Qe7 18. Rc3 Rc7 19. Rfc1 Rfc8 20. b4 a6 21. Bxa6 Nxa6 22. Qxa6 Qxb4 23. Nc4 Rxc6 24. Nxb6 Rxc3 25. Qxc8+ Rxc8 26. Rxc8+ Qf8 27. Rxf8+ Kxf8 28. a4 Ke7 29. a5 Bd3 30. Na4 Bb5 31. Nc5 Kd6 32. a6 Kc7 33. f4 Kb6 34. e4 Bxa6 35. Nxa6 Kxa6 36. Kf2 Kb5 37. Ke3 Kc4 38. g4 h6 39. h4 g6 40. e5 Kc3 41. h5 gxh5 42. gxh5 Kb4 43. Kd3 Kb5 44. Kc3 Kb6 45. Kb4 Kc6 46. Kc4 Kd7 47. Kc5 Kc7 48. d5 exd5 49. Kxd5 Kd7 50. f5 Kd8 51. Kd6 Ke8 52. e6 fxe6 53. Kxe6 Kf8 54. Kf6 Kg8 55. Ke7 Kg7 56. f6+ Kg8 57. f7+ Kh7 58. Kf6 Kh8 59. f8=Q+ Kh7 60. Qg7# 1-0

[Event "EYCC Girls-U10 2019"]
[Site "Bratislava"]
[Date "2019.08.10"]
[Round "9.6"]
[White "Piddubna, Bozhena"]
[Black "Mkrtchyan, Anahit H."]
[Result "0-1"]
[ECO "A15"]
[WhiteElo "1444"]
[BlackElo "1155"]
[Annotator "NA"]
[PlyCount "70"]
[EventDate "2019.08.02"]
[EventType "swiss"]
[EventCountry "SVK"]
[SourceTitle "playchess.com"]
[Source "ChessBase"]
[SourceQuality "1"]
[TimeControl "40/5400+30:1800+30"]

1. c4 Nf6 2. g3 e6 3. Bg2 Be7 4. Nf3 Nc6 5. O-O b6 6. b3 Bb7 7. Bb2 O-O 8. a3 d6 9. Qc2 Nb8 10. Ng5 Bxg2 11. Bxf6 g6 12. Nxe6 fxe6 13. Bxe7 Qxe7 14. Kxg2 Nd7 15. Nc3 c5 16. f3 Ne5 17. Rh1 Nc6 18. Qd3 Nd4 19. Nb5 Nxb5 20. cxb5 d5 21. h4 Qf7 22. Qe3 Qf6 23. h5 gxh5 24. Rxh5 Qxa1 25. Qxe6+ Kh8 26. Qxd5 Qd4 27. Qb7 Qg7 28. Qe4 Rfe8 29. Qc4 Rad8 30. Qh4 Rxe2+ 31. Kf1 Rdxd2 32. Rxh7+ Qxh7 33. Qf6+ Kg8 34. Qg5+ Qg7 35. Qf4 Qa1# 0-1

[Event "EYCC Girls-U10 2019"]
[Site "Bratislava"]
[Date "2019.08.10"]
[Round "9.8"]
[White "Arzur, Maia"]
[Black "Zadrapova, Amalie"]
[Result "1-0"]
[ECO "B90"]
[WhiteElo "1507"]
[BlackElo "1248"]
[Annotator "NA"]
[PlyCount "121"]
[EventDate "2019.08.02"]
[EventType "swiss"]
[EventCountry "SVK"]
[SourceTitle "playchess.com"]
[Source "ChessBase"]
[SourceQuality "1"]
[TimeControl "40/5400+30:1800+30"]

1. e4 c5 2. Nf3 d6 3. d4 cxd4 4. Nxd4 Nf6 5. Nc3 a6 6. f3 b5 7. g4 h6 8. h4 e6 9. Be3 Be7 10. Qd2 Bb7 11. Bd3 Nc6 12. O-O-O Nd7 13. Rdg1 Nc5 14. Nxc6 Bxc6 15. Be2 b4 16. Nd1 a5 17. g5 h5 18. Nf2 d5 19. e5 a4 20. Bd4 b3 21. cxb3 axb3 22. a3 Rc8 23. Kb1 Na4 24. Nd3 Bd7 25. Rc1 Rxc1+ 26. Rxc1 O-O 27. f4 g6 28. Nc5 Nxc5 29. Bxc5 Bxc5 30. Rxc5 Qb8 31. Bd1 Ba4 32. Rc3 Rc8 33. Rxc8+ Qxc8 34. Qc3 Qc4 35. Qxc4 dxc4 36. Kc1 c3 37. bxc3 b2+ 38. Kxb2 Bxd1 39. c4 Kf8 40. Kc3 Ke8 41. Kb4 Kd7 42. Kb5 Kc7 43. a4 Be2 44. a5 Bf3 45. Kc5 Bc6 46. Kb4 Bd7 47. Kc5 Be8 48. Kb4 Kc6 49. c5 Kb7 50. Kc4 Bc6 51. Kc3 Ka6 52. Kb4 Bd7 53. c6 Bxc6 54. Kc5 Bb5 55. Kd6 Kb7 56. Ke7 Kc7 57. Kxf7 Kd7 58. Kxg6 Ke7 59. Kg7 Bd3 60. g6 Ba6 61. Kh8 1-0

[Event "EYCC Girls-U10 2019"]
[Site "Bratislava"]
[Date "2019.08.10"]
[Round "9.9"]
[White "Goriachkina, Oksana"]
[Black "Ismayilova, Khanim"]
[Result "1/2-1/2"]
[ECO "A45"]
[WhiteElo "1417"]
[BlackElo "1265"]
[Annotator "NA"]
[PlyCount "72"]
[EventDate "2019.08.02"]
[EventType "swiss"]
[EventCountry "SVK"]
[SourceTitle "playchess.com"]
[Source "ChessBase"]
[SourceQuality "1"]
[TimeControl "40/5400+30:1800+30"]

1. d4 Nf6 2. Bg5 Ne4 3. Bf4 d5 4. Nd2 Nxd2 5. Qxd2 Bf5 6. Nf3 e6 7. e3 Bd6 8. Bxd6 Qxd6 9. Bd3 Bg6 10. O-O O-O 11. Ne5 Bxd3 12. Qxd3 Nd7 13. Nxd7 Qxd7 14. c4 c6 15. Rac1 Rac8 16. b4 Rfd8 17. c5 a6 18. a4 Qe8 19. Qc3 f6 20. Rfe1 e5 21. Rb1 exd4 22. exd4 Qd7 23. Re3 Re8 24. Rbe1 Rxe3 25. Qxe3 Kf8 26. Qd3 Re8 27. Re3 Rxe3 28. fxe3 Qe6 29. Kf2 f5 30. a5 Qe4 31. Qxe4 fxe4 32. Kg3 Kf7 33. Kf4 Kf6 34. h4 h6 35. g4 g5+ 36. hxg5+ hxg5+ 1/2-1/2

[Event "EYCC Girls-U10 2019"]
[Site "Bratislava"]
[Date "2019.08.10"]
[Round "9.10"]
[White "Prochaieva, Alina"]
[Black "Mgeladze, Kesaria"]
[Result "1-0"]
[ECO "B13"]
[WhiteElo "1247"]
[BlackElo "1294"]
[Annotator "NA"]
[PlyCount "85"]
[EventDate "2019.08.02"]
[EventType "swiss"]
[EventCountry "SVK"]
[SourceTitle "playchess.com"]
[Source "ChessBase"]
[SourceQuality "1"]
[TimeControl "40/5400+30:1800+30"]

1. e4 c6 2. d4 d5 3. exd5 cxd5 4. Bd3 Nc6 5. c3 Nf6 6. h3 g6 7. Qc2 Qc7 8. Nf3 Bg7 9. Bg5 O-O 10. O-O Bd7 11. Nbd2 Rac8 12. Rac1 Na5 13. Ne5 h6 14. Bf4 Qb6 15. Rfe1 Bb5 16. Bxb5 Qxb5 17. Re3 Qe8 18. Rce1 g5 19. Bh2 e6 20. Ng6 Qb5 21. Nxf8 Rxf8 22. Be5 Rc8 23. Rf3 Ne8 24. Bxg7 Nxg7 25. Rf6 Nf5 26. Rxf5 exf5 27. Qxf5 Rf8 28. b3 Qc6 29. c4 dxc4 30. Qxa5 c3 31. Nc4 c2 32. Qd2 Rc8 33. Rc1 b5 34. Ne3 Rd8 35. Rxc2 Qe4 36. d5 Qe5 37. Rc1 Qf4 38. Rd1 Qe5 39. d6 Qe6 40. d7 Qc6 41. Qd6 Qb7 42. Nf5 a6 43. Qf6 1-0

[Event "EYCC Girls-U10 2019"]
[Site "Bratislava"]
[Date "2019.08.10"]
[Round "9.11"]
[White "Salmina, Veronika"]
[Black "Shatil, Or"]
[Result "1-0"]
[ECO "D97"]
[WhiteElo "1335"]
[BlackElo "1185"]
[Annotator "NA RC"]
[PlyCount "77"]
[EventDate "2019.08.02"]
[EventType "swiss"]
[EventCountry "SVK"]
[SourceTitle "playchess.com"]
[Source "ChessBase"]
[SourceQuality "1"]
[TimeControl "40/5400+30:1800+30"]

1. d4 Nf6 2. c4 g6 3. Nc3 d5 4. Nf3 Bg7 5. Qb3 dxc4 6. Qxc4 O-O 7. e4 a6 8. Qb3 b5 9. e5 Nfd7 10. h4 c5 11. e6 fxe6 12. Qxe6+ Kh8 13. Qd5 Qc7 14. Ng5 cxd4 15. Nce4 Bb7 16. Qe6 Qe5 17. Qxe5 Bxe5 18. h5 gxh5 19. Rxh5 Bxe4 20. Nxe4 Nf6 21. Rxe5 Nbd7 22. Re6 Nd5 23. Bh6 Rfc8 24. Rd1 Rg8 25. Ng5 Rg6 26. Rxg6 hxg6 27. Rxd4 N7b6 28. g3 Rc8 29. Bh3 Re8 30. Rh4 Nc7 31. Ne6 Ncd5 32. Nf4 Nxf4 33. Bxf4+ Kg7 34. Be5+ Kf7 35. Rh7+ Kg8 36. Rg7+ Kh8 37. Rxe7+ Kg8 38. Rxe8+ Kf7 39. Rh8 1-0

[Event "EYCC Girls-U10 2019"]
[Site "Bratislava"]
[Date "2019.08.10"]
[Round "9.12"]
[White "Haasova, Timea"]
[Black "Guzun, Lavinia"]
[Result "0-1"]
[ECO "B41"]
[WhiteElo "1287"]
[BlackElo "1205"]
[Annotator "NA RC"]
[PlyCount "112"]
[EventDate "2019.08.02"]
[EventType "swiss"]
[EventCountry "SVK"]
[SourceTitle "playchess.com"]
[Source "ChessBase"]
[SourceQuality "1"]
[TimeControl "40/5400+30:1800+30"]

1. e4 c5 2. Nf3 e6 3. d4 cxd4 4. Nxd4 a6 5. c4 Qc7 6. Nc3 Nf6 7. a3 b6 8. Be3 Bb7 9. f3 Be7 10. Be2 O-O 11. O-O Rd8 12. Rc1 Bc5 13. b4 Bd6 14. h3 Nh5 15. Bf2 Bf4 16. Rc2 Qe5 17. Nb3 Rc8 18. Na4 Qg5 19. Qd3 Bh2+ 20. Kxh2 Nf4 21. g3 Nxd3 22. Bxd3 b5 23. Nb6 Rc6 24. Nxa8 Bxa8 25. Rfc1 Qd8 26. cxb5 axb5 27. Bxb5 Rxc2 28. Rxc2 h6 29. g4 d5 30. Bd3 dxe4 31. Bxe4 Bxe4 32. fxe4 Qd3 33. Rc8+ Kh7 34. Nc5 Qd6+ 35. Kg2 Nc6 36. Bg3 Qd2+ 37. Bf2 Ne5 38. Rc7 Qe2 39. a4 Qf3+ 40. Kf1 Qxh3+ 41. Ke1 Qc3+ 42. Ke2 Qxb4 43. Rb7 Qc4+ 44. Kd2 Qa2+ 45. Ke3 Nxg4+ 46. Kf3 Qxf2+ 47. Kxg4 Qxc5 48. Rxf7 Qg1+ 49. Kh3 Qh1+ 50. Kg4 Qxe4+ 51. Rf4 h5+ 52. Kg5 Qe5+ 53. Kh4 Qxf4+ 54. Kh3 Qf2 55. a5 g5 56. a6 g4# 0-1

[Event "EYCC Girls-U10 2019"]
[Site "Bratislava"]
[Date "2019.08.10"]
[Round "9.13"]
[White "Horkova, Tereza"]
[Black "Zubkovskaya, Ekaterina"]
[Result "1/2-1/2"]
[ECO "C53"]
[WhiteElo "1287"]
[BlackElo "1449"]
[Annotator "NA RC"]
[PlyCount "60"]
[EventDate "2019.08.02"]
[EventType "swiss"]
[EventCountry "SVK"]
[SourceTitle "playchess.com"]
[Source "ChessBase"]
[SourceQuality "1"]
[TimeControl "40/5400+30:1800+30"]

1. e4 e5 2. Nf3 Nc6 3. Bc4 Bc5 4. c3 d6 5. d4 exd4 6. cxd4 Bb4+ 7. Bd2 Bxd2+ 8. Nbxd2 Nf6 9. h3 O-O 10. O-O Re8 11. Re1 a6 12. Ng5 Rf8 13. Qb3 Qd7 14. Qc3 h6 15. Ngf3 b5 16. Bd3 Bb7 17. e5 dxe5 18. dxe5 Nd5 19. Qc2 Ndb4 20. Bh7+ Kh8 21. Qf5 Qe7 22. a3 Nd5 23. Qd3 Rad8 24. Be4 Nxe5 25. Nxe5 Qxe5 26. Bxd5 Qxd5 27. Qxd5 Bxd5 28. Re7 c6 29. Rae1 Ra8 30. b4 Rfd8 1/2-1/2

[Event "EYCC Girls-U10 2019"]
[Site "Bratislava"]
[Date "2019.08.10"]
[Round "9.14"]
[White "Sosovickova, Martina"]
[Black "Stefan, Iulia-Cristiana"]
[Result "0-1"]
[ECO "B03"]
[WhiteElo "1200"]
[BlackElo "1389"]
[Annotator "NA RC"]
[PlyCount "72"]
[EventDate "2019.08.02"]
[EventType "swiss"]
[EventCountry "SVK"]
[SourceTitle "playchess.com"]
[Source "ChessBase"]
[SourceQuality "1"]
[TimeControl "40/5400+30:1800+30"]

1. e4 Nf6 2. e5 Nd5 3. d4 d6 4. c4 Nb6 5. exd6 cxd6 6. Nc3 g6 7. Be3 Bg7 8. Bd3 O-O 9. b3 Nc6 10. Nge2 d5 11. c5 Nd7 12. Rc1 Nxc5 13. dxc5 d4 14. Nxd4 Nxd4 15. O-O Bf5 16. Bxf5 Nxf5 17. Bd2 Rc8 18. Ne2 Qd7 19. Qc2 Qc6 20. Rfe1 Rfd8 21. b4 Nh4 22. f3 Nf5 23. a3 Rd7 24. Bc3 Bh6 25. Rcd1 Ne3 26. Qb3 Nxd1 27. Rxd1 Rcd8 28. Re1 Bd2 29. Bxd2 Rxd2 30. Ng3 R8d7 31. Ne4 R2d3 32. Qb2 Rd1 33. Qc3 Rxe1+ 34. Qxe1 Qd5 35. Qh4 Qd4+ 36. Qf2 Qa1+ 0-1

[Event "EYCC Girls-U10 2019"]
[Site "Bratislava"]
[Date "2019.08.10"]
[Round "9.15"]
[White "Liashkevich, Lizaveta"]
[Black "Bendik, Margarita"]
[Result "1-0"]
[ECO "D10"]
[WhiteElo "1406"]
[BlackElo "1188"]
[Annotator "NA RC"]
[PlyCount "99"]
[EventDate "2019.08.02"]
[EventType "swiss"]
[EventCountry "SVK"]
[SourceTitle "playchess.com"]
[Source "ChessBase"]
[SourceQuality "1"]
[TimeControl "40/5400+30:1800+30"]

1. d4 d5 2. c4 c6 3. Nc3 Nf6 4. cxd5 cxd5 5. Bf4 Nc6 6. e3 e6 7. Rc1 a6 8. Bd3 Qb6 9. Qd2 Be7 10. Nf3 h6 11. h3 Bd7 12. O-O O-O 13. Bb1 Rac8 14. Ne5 Rfd8 15. Rfd1 Bf8 16. Na4 Qa7 17. Nc3 Be8 18. Kh1 g6 19. g4 g5 20. Bh2 Bg7 21. Qe2 Nxe5 22. Bxe5 Nd7 23. Bg3 Nb6 24. b3 Nd7 25. Qd3 Nf8 26. h4 f6 27. h5 Rc6 28. Ne2 Rdc8 29. Rxc6 Bxc6 30. Kh2 Bb5 31. Qd2 Qb6 32. Nc3 Qa5 33. Nxb5 Qxb5 34. Bd3 Qc6 35. f3 Nd7 36. e4 b5 37. exd5 exd5 38. Bf5 Qb7 39. Qe3 Nf8 40. Bxc8 Qxc8 41. Rc1 Qe6 42. Qxe6+ Nxe6 43. Bf2 Nf4 44. Rc8+ Kf7 45. Be3 Nd3 46. Rc7+ Kg8 47. Rd7 Nb4 48. a4 Nc2 49. Bf2 f5 50. Rxd5 1-0

[Event "EYCC Girls-U10 2019"]
[Site "Bratislava"]
[Date "2019.08.10"]
[Round "9.16"]
[White "Kollia, Evgenia"]
[Black "Abbasova, Zarifa"]
[Result "1-0"]
[ECO "C42"]
[WhiteElo "1034"]
[BlackElo "1353"]
[Annotator "NA RC"]
[PlyCount "41"]
[EventDate "2019.08.02"]
[EventType "swiss"]
[EventCountry "SVK"]
[SourceTitle "playchess.com"]
[Source "ChessBase"]
[SourceQuality "1"]
[TimeControl "40/5400+30:1800+30"]

1. e4 e5 2. Nf3 Nf6 3. Nxe5 d6 4. Nf3 Nxe4 5. Qe2 Qe7 6. d3 Nf6 7. Bg5 Qxe2+ 8. Bxe2 Be7 9. Nc3 c6 10. O-O-O Bg4 11. Rhe1 Kd7 12. Nd4 Bxe2 13. Rxe2 h6 14. Nf5 Bd8 15. Bf4 g6 16. Nxd6 Bc7 17. Nce4 Bxd6 18. Nxf6+ Kc7 19. Re7+ Kc8 20. Bxd6 Rd8 21. Rc7# 1-0

[Event "EYCC Girls-U10 2019"]
[Site "Bratislava"]
[Date "2019.08.10"]
[Round "9.18"]
[White "Tkacheva, Anna S."]
[Black "Eros, Vivien"]
[Result "0-1"]
[ECO "B21"]
[WhiteElo "1264"]
[BlackElo "1251"]
[Annotator "NA RC"]
[PlyCount "72"]
[EventDate "2019.08.02"]
[EventType "swiss"]
[EventCountry "SVK"]
[SourceTitle "playchess.com"]
[Source "ChessBase"]
[SourceQuality "1"]
[TimeControl "40/5400+30:1800+30"]

1. e4 c5 2. d4 cxd4 3. c3 dxc3 4. Nxc3 Nc6 5. Nf3 d6 6. Bc4 e6 7. O-O g6 8. Qe2 Bg7 9. Rd1 Nge7 10. Bf4 e5 11. Bg3 a6 12. Rd2 Bg4 13. Rad1 Nd4 14. Qe3 O-O 15. Ne2 Bxf3 16. gxf3 Nec6 17. Bd5 Nxe2+ 18. Rxe2 Nd4 19. Red2 Qd7 20. Kg2 Rac8 21. f4 Bh6 22. f3 Rc7 23. Qd3 Rfc8 24. Rf2 exf4 25. Qxd4 fxg3 26. hxg3 Bg7 27. Qb4 Bh6 28. f4 Qg4 29. Re1 Rc2 30. Qb3 Rxf2+ 31. Kxf2 Qd7 32. Rd1 Qe7 33. Kf3 Kg7 34. Qb6 g5 35. Qd4+ Kg8 36. Bb3 gxf4 0-1

[Event "EYCC Girls-U10 2019"]
[Site "Bratislava"]
[Date "2019.08.10"]
[Round "9.19"]
[White "Bat, Anu"]
[Black "Bursali, Ela"]
[Result "1-0"]
[ECO "D00"]
[WhiteElo "1457"]
[BlackElo "1197"]
[Annotator "NA RC"]
[PlyCount "118"]
[EventDate "2019.08.02"]
[EventType "swiss"]
[EventCountry "SVK"]
[SourceTitle "playchess.com"]
[Source "ChessBase"]
[SourceQuality "1"]
[TimeControl "40/5400+30:1800+30"]

1. d4 d5 2. Bg5 Nf6 3. Bxf6 exf6 4. g3 c6 5. Bg2 Be6 6. e3 Bd6 7. Ne2 Nd7 8. Nd2 Qc7 9. O-O O-O 10. Rc1 Rac8 11. c4 dxc4 12. Nxc4 Bxc4 13. Rxc4 Nb6 14. Rc1 Qd7 15. e4 Qe7 16. Nc3 Bb4 17. a3 Bxc3 18. Rxc3 Rfd8 19. Rd3 Rd6 20. Re1 Rcd8 21. Qd2 Nc4 22. Qc3 Ne5 23. Rd2 Qd7 24. f4 Ng6 25. Red1 Nf8 26. e5 fxe5 27. fxe5 Rh6 28. d5 Qc7 29. d6 Qd7 30. b4 Ne6 31. h4 f6 32. exf6 Rxf6 33. Bh3 a6 34. a4 Rc8 35. Re1 Qf7 36. d7 Rd8 37. Rde2 Nf8 38. Re8 Rf3 39. Be6 Rxc3 40. Bxf7+ Kxf7 41. Rxd8 Rxg3+ 42. Kh2 Rd3 43. Rf1+ Ke7 44. Rfxf8 Rd2+ 45. Kg1 Rd1+ 46. Kf2 Rd2+ 47. Ke1 Rxd7 48. Rxd7+ Kxd7 49. Rf7+ Kd6 50. Kd2 b5 51. axb5 axb5 52. Kc3 c5 53. Rxg7 cxb4+ 54. Kxb4 Ke6 55. Rxh7 Kf6 56. Kxb5 Kg6 57. Re7 Kh6 58. Kc5 Kh5 59. Rg7 Kxh4 1-0